PINL
MAGIC VALLEY MAGICIANS @ BOZEMAN PHEASANTS
08/11/1976
 
TOP OF THE 1ST
Magic Valley Magicians batting - Pitching for Bozeman Pheasants : RHP Danny Magana
Pitching: RHP Danny Magana
Batting: RHB Talmadge Tanks 0-0: Fly out, F7 (Flyball, 7LS)
Batting: RHB Ryan Lancey 0-0: Ball
1-0: Called Strike
1-1: Swinging Strike
1-2: SINGLE (Line Drive, 8RS)
Batting: LHB Freddie Tisdale 0-0: Called Strike
0-1: Foul Ball, location: 2F
0-2: Ball
1-2: SINGLE (Groundball, 56S) (infield hit)
Ryan Lancey to second
Batting: RHB Martinho Remdio 0-0: Ball
1-0: Foul Ball, location: 2F
1-1: Called Strike
1-2: Fly out, F7 (Flyball, 78D)
Batting: RHB John Helfrick 0-0: Ball
1-0: Ball
Passed Ball!
Ryan Lancey to third
Freddie Tisdale to second
2-0: Foul Ball, location: 2F
2-1: Foul Ball, location: 2F
2-2: Ball
3-2: Ground out 4-3 (Groundball, 4)
Top of the 1st over - 0 runs, 2 hits, 0 errors, 2 left on base; Magic Valley 0 - Bozeman 0
BOTTOM OF THE 1ST
Bozeman Pheasants batting - Pitching for Magic Valley Magicians : RHP Warren Brusstar
Pitching: RHP Warren Brusstar
Batting: RHB Calvin Jones 0-0: Ball
1-0: Ball
2-0: Ball
3-0: Base on Balls
Batting: RHB Juan Garcia 0-0: Ball
1-0: Ball
Calvin Jones steals 2nd base (no throw)
2-0: Ball
3-0: Called Strike
3-1: Ground out 4-3 (Groundball, 4)
Calvin Jones to third
Batting: LHB Al Greene 0-0: Foul Ball, location: 2F
0-1: Called Strike
0-2: Ball
1-2: Foul Ball, location: 2F
1-2: Ball
2-2: DOUBLE (Line Drive, 89M)
Calvin Jones scores
Batting: RHB Tyler Gorton 0-0: Fly out, F8 (Line Drive, 8RM)
Batting: RHB Alan Newsome 0-0: Foul Ball, location: 2F
0-1: Ball
1-1: Ball
2-1: Ball
3-1: Base on Balls
Batting: LHB Roy Coulter 0-0: Foul Ball, location: 2F
0-1: Ball
1-1: Ball
2-1: Ball
3-1: Base on Balls
Al Greene to third
Alan Newsome to second
Batting: RHB Greg Hanley 0-0: Swinging Strike
0-1: Ball
1-1: Called Strike
1-2: Foul Ball, location: 2F
1-2: Fly out, F9 (Flyball, 89S)
Bottom of the 1st over - 1 run, 1 hit, 0 errors, 3 left on base; Magic Valley 0 - Bozeman 1
TOP OF THE 2ND
Magic Valley Magicians batting - Pitching for Bozeman Pheasants : RHP Danny Magana
Batting: RHB Steven Gerlecz 0-0: Called Strike
0-1: Foul Ball, location: 2F
0-2: Ball
1-2: Ball
2-2: Ball
3-2: Foul Ball, location: 2F
3-2: Foul Ball, location: 2F
3-2: Foul Ball, location: 2F
3-2: SINGLE (Flyball, 89M)
Batting: RHB Michael Stone 0-0: Fly out, F9 (Flyball, 9S)
Batting: RHB Clinton Sander 0-0: Called Strike
Steven Gerlecz steals 2nd base
0-1: Ball
1-1: Ball
2-1: Ball
3-1: DOUBLE (Flyball, 8RXD)
Steven Gerlecz scores
Batting: RHB Jeffrey Cronk 0-0: SINGLE (Line Drive, 78M)
Clinton Sander to third
Batting: RHB Talmadge Tanks 0-0: Foul Ball, location: 2F
0-1: Fly out, F7 (Flyball, 78M)
Batting: RHB Ryan Lancey 0-0: Ball
1-0: SINGLE (Groundball, 34D)
Clinton Sander scores
Jeffrey Cronk to second
Runner from 2nd tries for 3rd, OUT! 9-5
Top of the 2nd over - 2 runs, 4 hits, 0 errors, 1 left on base; Magic Valley 2 - Bozeman 1
BOTTOM OF THE 2ND
Bozeman Pheasants batting - Pitching for Magic Valley Magicians : RHP Warren Brusstar
Batting: RHB David Marino 0-0: Foul Ball, location: 2F
0-1: Foul Ball, location: 2F
0-2: Ball
1-2: Strikes out looking
Batting: RHB Carl Torbush 0-0: Ball
1-0: Ball
2-0: Ball
3-0: Base on Balls
Batting: RHB Calvin Jones 0-0: Ball
1-0: Foul Ball, location: 2F
1-1: Fly out, F8 (Flyball, 8RM)
Batting: RHB Juan Garcia 0-0: Ball
Carl Torbush steals 2nd base
1-0: Swinging Strike
1-1: Foul Ball, location: 2F
1-2: Fly out, F8 (Flyball, 89D)
Bottom of the 2nd over - 0 runs, 0 hits, 0 errors, 1 left on base; Magic Valley 2 - Bozeman 1
TOP OF THE 3RD
Magic Valley Magicians batting - Pitching for Bozeman Pheasants : RHP Danny Magana
Batting: LHB Freddie Tisdale 0-0: Called Strike
0-1: Foul Ball, location: 2F
0-2: Foul Ball, location: 2F
0-2: Ball
1-2: Foul Ball, location: 2F
1-2: Fly out, F7 (Flyball, 78S)
Batting: RHB Martinho Remdio 0-0: Ball
1-0: Called Strike
1-1: Ball
2-1: Ball
3-1: Fly out, F6 (Popup, 15)
Batting: RHB John Helfrick 0-0: Ball
1-0: Fly out, F7 (Line Drive, 7)
Top of the 3rd over - 0 runs, 0 hits, 0 errors, 0 left on base; Magic Valley 2 - Bozeman 1
BOTTOM OF THE 3RD
Bozeman Pheasants batting - Pitching for Magic Valley Magicians : RHP Warren Brusstar
Batting: LHB Al Greene 0-0: Ball
1-0: Foul Ball, location: 2F
1-1: Ground out 4-3 (Groundball, 4)
Batting: RHB Tyler Gorton 0-0: Swinging Strike
0-1: Reached on error, E6 (Groundball, 6)
Batting: RHB Alan Newsome 0-0: Called Strike
0-1: Ball
1-1: Fly out, F9 (Flyball, 9)
Batting: LHB Roy Coulter 0-0: Ball
1-0: Foul Ball, location: 2F
1-1: Foul Ball, location: 2F
1-2: Fly out, F8 (Flyball, 78D)
Bottom of the 3rd over - 0 runs, 0 hits, 1 error, 1 left on base; Magic Valley 2 - Bozeman 1
TOP OF THE 4TH
Magic Valley Magicians batting - Pitching for Bozeman Pheasants : RHP Danny Magana
Batting: RHB Steven Gerlecz 0-0: Ball
1-0: Ball
2-0: Called Strike
2-1: Called Strike
2-2: Ball
3-2: Base on Balls
Batting: RHB Michael Stone 0-0: Ball
1-0: Called Strike
1-1: Called Strike
1-2: Strikes out looking
Batting: RHB Clinton Sander 0-0: Ball
1-0: Called Strike
1-1: Called Strike
1-2: Ground out 4-3 (Groundball, 4)
Steven Gerlecz to second
Batting: RHB Jeffrey Cronk 0-0: Ball
1-0: Ball
2-0: Called Strike
2-1: Ball
3-1: Foul Ball, location: 2F
3-2: SINGLE (Line Drive, 9LM)
Steven Gerlecz to third
Steven Gerlecz scores
Batting: RHB Talmadge Tanks 0-0: Ball
1-0: Swinging Strike
1-1: Ball
2-1: Ball
3-1: Base on Balls
Jeffrey Cronk to second
Batting: RHB Ryan Lancey 0-0: Ball
1-0: Ball
2-0: Called Strike
2-1: Foul Ball, location: 2F
2-2: Fly out, F7 (Line Drive, 7)
Top of the 4th over - 1 run, 1 hit, 0 errors, 2 left on base; Magic Valley 3 - Bozeman 1
BOTTOM OF THE 4TH
Bozeman Pheasants batting - Pitching for Magic Valley Magicians : RHP Warren Brusstar
Batting: RHB Greg Hanley 0-0: Ground out 6-3 (Groundball, 6)
Batting: RHB David Marino 0-0: Ball
1-0: Called Strike
1-1: Ball
2-1: Ball
3-1: Base on Balls
Batting: RHB Carl Torbush 0-0: Called Strike
0-1: Ball
1-1: Ball
2-1: Ball
3-1: Fly out, F9 (Flyball, 9LS)
Batting: RHB Calvin Jones 0-0: Ball
1-0: Fly out, F9 (Flyball, 89S)
Bottom of the 4th over - 0 runs, 0 hits, 0 errors, 1 left on base; Magic Valley 3 - Bozeman 1
TOP OF THE 5TH
Magic Valley Magicians batting - Pitching for Bozeman Pheasants : RHP Danny Magana
Batting: LHB Freddie Tisdale 0-0: Called Strike
0-1: Ball
1-1: Ball
2-1: Foul Ball, location: 2F
2-2: Ball
3-2: Base on Balls
Batting: RHB Martinho Remdio 0-0: Foul Ball, location: 2F
0-1: Called Strike
0-2: Fly out, F9 (Flyball, 9LM)
Batting: RHB John Helfrick 0-0: Ball
Freddie Tisdale steals 2nd base
1-0: Foul Ball, location: 2F
1-1: Ball
2-1: Fly out, F7 (Flyball, 7S)
Batting: RHB Steven Gerlecz 0-0: Reached on error, E5 (Groundball, 56S)
Freddie Tisdale scores
Batting: RHB Michael Stone 0-0: Ball
1-0: Ground out 6-3 (Groundball, 6)
Top of the 5th over - 1 run, 0 hits, 1 error, 1 left on base; Magic Valley 4 - Bozeman 1
BOTTOM OF THE 5TH
Bozeman Pheasants batting - Pitching for Magic Valley Magicians : RHP Warren Brusstar
Batting: RHB Juan Garcia 0-0: Called Strike
0-1: Called Strike
0-2: Ball
1-2: SINGLE (Groundball, 6D)
Batting: LHB Al Greene 0-0: Foul Ball, location: 2F
0-1: Ball
1-1: Foul Ball, location: 2F
1-2: TRIPLE (Flyball, 89XD)
Juan Garcia scores
Batting: RHB Tyler Gorton 0-0: Called Strike
0-1: SINGLE (Groundball, 6D)
Al Greene scores
Batting: RHB Alan Newsome 0-0: Ball
1-0: Swinging Strike
1-1: Ball
Tyler Gorton steals 2nd base
2-1: SINGLE (Groundball, 6D)
Tyler Gorton to third
Batting: LHB Roy Coulter 0-0: Ball
1-0: Ball
2-0: Foul Ball, location: 2F
2-1: Ball
3-1: Swinging Strike
3-2: Reached on error, E3 (Groundball, 34)
Tyler Gorton scores
Alan Newsome to second
Batting: RHB Greg Hanley 0-0: Sac Bunt to 23 - play at first, batter OUT! 3-4
Alan Newsome to third
Roy Coulter to second
Batting: RHB David Marino 0-0: Called Strike
0-1: Ball
1-1: Ball
2-1: Ball
3-1: Swinging Strike
3-2: Base on Balls
Batting: RHB Carl Torbush 0-0: Grounds into double play, 5-2-3 (Groundball, 56S)
Bottom of the 5th over - 3 runs, 4 hits, 1 error, 2 left on base; Magic Valley 4 - Bozeman 4
TOP OF THE 6TH
Magic Valley Magicians batting - Pitching for Bozeman Pheasants : RHP Danny Magana
Batting: RHB Clinton Sander 0-0: Called Strike
0-1: Ball
1-1: Ball
2-1: Ball
3-1: Called Strike
3-2: Foul Ball, location: 2F
3-2: Base on Balls
Batting: RHB Jeffrey Cronk 0-0: Called Strike
0-1: Ball
Clinton Sander steals 2nd base (no throw)
1-1: Foul Ball, location: 2F
1-2: Strikes out looking
Batting: RHB Talmadge Tanks 0-0: Called Strike
0-1: Ball
Clinton Sander steals 3rd base
1-1: Foul Ball, location: 2F
1-2: Ball
2-2: Foul Ball, location: 2F
2-2: Ground out 6-3 (Groundball, 6)
Batting: RHB Ryan Lancey 0-0: Ground out 6-3 (Groundball, 6)
Top of the 6th over - 0 runs, 0 hits, 0 errors, 1 left on base; Magic Valley 4 - Bozeman 4
BOTTOM OF THE 6TH
Bozeman Pheasants batting - Pitching for Magic Valley Magicians : RHP Warren Brusstar
Batting: RHB Calvin Jones 0-0: Ball
1-0: Foul Ball, location: 2F
1-1: Fly out, F6 (Line Drive, 6)
Batting: RHB Juan Garcia 0-0: Ball
1-0: Ball
2-0: Ground out 5-3 (Groundball, 56S)
Batting: LHB Al Greene 0-0: Ball
1-0: Foul Ball, location: 2F
1-1: Foul Ball, location: 2F
1-2: Strikes out swinging
Bottom of the 6th over - 0 runs, 0 hits, 0 errors, 0 left on base; Magic Valley 4 - Bozeman 4
TOP OF THE 7TH
Magic Valley Magicians batting - Pitching for Bozeman Pheasants : RHP Danny Magana
Batting: LHB Freddie Tisdale 0-0: Ball
1-0: Swinging Strike
1-1: Ball
2-1: Fly out, F7 (Flyball, 7LSF)
Batting: RHB Martinho Remdio 0-0: Hit by Pitch
Pitching: RHP Manuel Toribio
Batting: RHB John Helfrick 0-0: Called Strike
0-1: Grounds into double play, 4-6-3 (Groundball, 4)
Top of the 7th over - 0 runs, 0 hits, 0 errors, 0 left on base; Magic Valley 4 - Bozeman 4
BOTTOM OF THE 7TH
Bozeman Pheasants batting - Pitching for Magic Valley Magicians : RHP Warren Brusstar
Batting: RHB Tyler Gorton 0-0: Called Strike
0-1: Ball
1-1: Ground out 1-3 (Groundball, 34S)
Batting: RHB Alan Newsome 0-0: Ball
1-0: Ball
2-0: Fly out, F9 (Flyball, 89S)
Batting: LHB Roy Coulter 0-0: Ball
1-0: Swinging Strike
1-1: Ball
2-1: Ball
3-1: Foul Ball, location: 2F
3-2: Foul Ball, location: 2F
3-2: Ground out 5-3 (Groundball, 56S)
Bottom of the 7th over - 0 runs, 0 hits, 0 errors, 0 left on base; Magic Valley 4 - Bozeman 4
TOP OF THE 8TH
Magic Valley Magicians batting - Pitching for Bozeman Pheasants : RHP Manuel Toribio
Pitching: RHP Nicolas Decena
Batting: RHB Steven Gerlecz 0-0: Ball
1-0: Called Strike
1-1: Swinging Strike
1-2: Ball
2-2: Fly out, F7 (Flyball, 78XD)
Batting: RHB Michael Stone 0-0: Swinging Strike
0-1: Ball
1-1: Ball
2-1: Foul Ball, location: 2F
2-2: Ground out 6-3 (Groundball, 6)
Batting: RHB Clinton Sander 0-0: Ball
1-0: Ball
2-0: Swinging Strike
2-1: Swinging Strike
2-2: Strikes out looking
Top of the 8th over - 0 runs, 0 hits, 0 errors, 0 left on base; Magic Valley 4 - Bozeman 4
BOTTOM OF THE 8TH
Bozeman Pheasants batting - Pitching for Magic Valley Magicians : RHP Warren Brusstar
Batting: RHB Greg Hanley 0-0: Called Strike
0-1: Reached on error, E5 (Groundball, 5S)
Batting: RHB David Marino 0-0: Intentional Walk
Batting: RHB Carl Torbush 0-0: Ground out U3 (Groundball, 3S)
Greg Hanley to third
David Marino to second
Batting: RHB Calvin Jones 0-0: Intentional Walk
Pitching: RHP Larry Payne
Batting: RHB Juan Garcia 0-0: Ball
1-0: Fly out, F9 (Flyball, 9LS)
Batting: LHB Al Greene 0-0: Ball
1-0: Ball
2-0: Ball
3-0: Base on Balls
Greg Hanley scores
David Marino to third
Calvin Jones to second
Batting: RHB Tyler Gorton 0-0: Ball
1-0: Ball
2-0: Ball
3-0: Base on Balls
David Marino scores
Calvin Jones to third
Al Greene to second
Batting: RHB Alan Newsome 0-0: Called Strike
0-1: Fielders Choice at 2nd, 5-4 (Groundball, 56)
Bottom of the 8th over - 2 runs, 0 hits, 1 error, 3 left on base; Magic Valley 4 - Bozeman 6
TOP OF THE 9TH
Magic Valley Magicians batting - Pitching for Bozeman Pheasants : RHP Nicolas Decena
Now at 3B: Stan Floyd
Now at SS: Michael Kerr
Now in RF: Dan Volk
Batting: RHB Jeffrey Cronk 0-0: Ball
1-0: Called Strike
1-1: Swinging Strike
1-2: Strikes out swinging
Batting: RHB Talmadge Tanks 0-0: Called Strike
0-1: Called Strike
0-2: Strikes out swinging
Batting: RHB Ryan Lancey 0-0: Ball
1-0: Called Strike
1-1: Ground out 5-3 (Groundball, 56S)
Top of the 9th over - 0 runs, 0 hits, 0 errors, 0 left on base; Magic Valley 4 - Bozeman 6
Thursday, January 24th, 2019 - OOTP Baseball 19.13 Build 132